 Dungeon Crawl Stone Soup version 0.27-a0-577-ge2a43ba0c9 (webtiles) character file.

Game seed: 2854036025005766347

114 jestyr24 the Skirmisher (level 4, -2/35 HPs)
             Began as a Demonspawn Fighter on Mar 9, 2021.
             Killed from afar by Natasha (5 damage)
             ... with a magic dart
             ... on level 2 of the Dungeon.
             The game lasted 00:09:10 (2455 turns).

jestyr24 the Skirmisher (Demonspawn Fighter)        Turns: 2455, Time: 00:09:11

Health: -2/35      AC: 10    Str: 16    XL:     4   Next: 66%
Magic:  4/4        EV:  7    Int: 10    God:
Gold:   150        SH:  9    Dex: 13    Spells: 3/3 levels left

rFire    . . .     SeeInvis .   a - +0 long sword
rCold    . . .     Faith    .   c - +0 kite shield
rNeg     . . .     Spirit   .   b - +0 scale mail
rPois    .         Reflect  .   (no helmet)
rElec    .         Harm     .   (no cloak)
rCorr    .         Rampage  .   (no gloves)
Will     .....                  j - +2 pair of boots
Stlth    ..........             (no amulet)
HPRegen  0.11/turn              (no ring)
MPRegen  0.09/turn              (no ring)

@: no status effects
A: hooves 1, ignite blood 1
a: no special abilities


You were on level 2 of the Dungeon.
You visited 1 branch of the dungeon, and saw 2 of its levels.

You collected 150 gold pieces.

Inventory:

Hand Weapons
 a - a +0 long sword (weapon)
 h - a +1 dagger of venom
Armour
 b - a +0 scale mail (worn)
 c - a +0 kite shield (worn)
 j - a +2 pair of boots (worn)
Scrolls
 f - 3 scrolls of teleportation {unknown}
 i - 6 scrolls of identify {unknown}
 n - a scroll of enchant weapon {unknown}
Potions
 d - a potion of might
 e - 2 potions of curing {unknown}
 g - a potion of attraction {unknown}
 k - a potion of lignification {unknown}
 l - a potion of flight {unknown}
 m - 2 potions of heal wounds {unknown}
 o - a potion of mutation {unknown}


   Skills:
 + Level 3.3 Fighting
 + Level 2.8 Long Blades
 + Level 3.3 Armour
 + Level 1.0 Dodging
 + Level 3.3 Shields


You had 3 spell levels left.
You didn't know any spells.
Your spell library was empty.

Dungeon Overview and Level Annotations

Branches:
Dungeon (2/15)

Altars:
Elyvilon
Hepliaklqana

Annotations:
D:2 Natasha


Innate Abilities, Weirdness & Mutations

You have large cloven feet.
Your demonic aura sometimes causes spilled blood to erupt in flames


Message History

The puff of frost hits you.
You hit Natasha but do no damage.
Natasha stares at you and mumbles some strange words.
The magic dart hits you.
Natasha stares at you and mumbles some strange words.
The magic dart hits you!
You barely miss Natasha. The white imp closely misses you.
You block Natasha's attack.
The white imp hits you but does no damage.
You hit Natasha.
Natasha is lightly wounded.
Natasha closely misses you. You block the white imp's attack.
Natasha claws you but does no damage.
You closely miss Natasha.
Natasha is lightly wounded.
The white imp hits you. The white imp freezes you.
* * * LOW HITPOINT WARNING * * *
You block Natasha's attack.
The white imp hits you but does no damage.
You barely miss Natasha.
Natasha is lightly wounded.
Natasha claws you but does no damage. You block the white imp's attack.
You block Natasha's attack.
The white imp hits you but does no damage.
You hit Natasha but do no damage.
Natasha is lightly wounded.
Natasha claws you but does no damage. The white imp gestures at you.
The puff of frost hits you.
* * * LOW HITPOINT WARNING * * *
Natasha stares at you and mumbles some strange words.
The magic dart hits you!
* * * LOW HITPOINT WARNING * * *
The white imp disappears in a puff of smoke!
Natasha casts a spell.
The shadow imp disappears for a moment.
There is a stone staircase leading up here.
Natasha stares at you and mumbles some strange words.
The magic dart hits you.
You die...

.................# #.#....#
#.##..........##.# #.####.#
#.########.#####.# #.# #.#
.....# ##.#####.# #.# #.#
.....# #........# #.# #.#
.....# #.......5# #.# #.#
.....# #........######.####.#
.....## #....)..h............#
..#...###.......@.......######
#####..##..<.....########
..#.....#........#
..#...#..........#
................##
...........###### ##.#####...#
##.#####.### .........#


You could see Natasha and a shadow imp (summoned).

Vanquished Creatures
  Jessica (D:2)
  Natasha (D:2)
  An adder (D:2)
  An ooze (D:1)
  2 dart slugs (D:1)
  A leopard gecko (D:1)
  3 giant cockroaches (D:1)
  3 goblins (D:1)
  8 hobgoblins
  2 jackals (D:1)
  A quokka (D:2)
  4 bats
  4 frilled lizards
  5 kobolds
  6 rats
43 creatures vanquished.

Vanquished Creatures (others)
  A quokka (D:2)
  2 plants (D:2)
3 creatures vanquished.

Grand Total: 46 creatures vanquished

Notes
Turn   | Place    | Note
-------+----------+-------------------------------------------
     0 | D:1      | jestyr24 the Demonspawn Fighter began the quest for the
                  | Orb.
     0 | D:1      | Reached XP level 1. HP: 18/18 MP: 1/1
   167 | D:1      | Gained mutation: You have large cloven feet. [demonic
                  | ancestry]
   167 | D:1      | Reached XP level 2. HP: 9/24 MP: 2/2
   869 | D:1      | Gained mutation: Your demonic aura sometimes causes spilled
                  | blood to erupt in flames [demonic ancestry]
   869 | D:1      | Reached XP level 3. HP: 21/29 MP: 3/3
  1835 | D:2      | Noticed Jessica
  1837 | D:2      | Killed Jessica
  1838 | D:2      | Reached XP level 4. HP: 35/35 MP: 4/4
  1944 | D:2      | Noticed Natasha
  1952 | D:2      | Killed Natasha
  1962 | D:2      | Reached skill level 1 in Dodging
  2044 | D:2      | Found a faded altar of an unknown god.
  2044 | D:2      | Found a faded altar of an unknown god.
  2046 | D:2      | Found a hazy altar of Hepliaklqana.
  2433 | D:2      | Noticed Natasha
  2455 | D:2      | Killed from afar by Natasha

Illustrated notes

Levels and vault maps discovered:
D:1:      dpeg_arrival_concentric_ovals, layout_basic, minmay_circled_x
D:2:      cheibrodos_old_hovel, layout_loops_ring,
          nicolae_hepliaklqana_ecumenical_no_more, elyvilon_altar_4,
          minmay_curled_crystal, tgw_xom, uniq_jessica, uniq_natasha

Skill      XL: |  1  2  3  4 |
---------------+-------------+-----
Armour         | 3 |  3.3
Long Blades    | 2 |  2.8
Shields        | 3 |  3.3
Dodging        | 1 |  1.0
Fighting       | |  3.3

Action                   |  1- 3 |  4- 6 || total
-------------------------+-------+-------++-------
Melee: Long sword        |   125 |    23 ||   148
       Kick              |     6 |       ||     6
Armor: Scale mail        |    69 |    12 ||    81
Dodge: Dodged            |    43 |    10 ||    53
Block: Kite shield       |    81 |    16 ||    97
       Rpst.: Long sword |    13 |     4 ||    17

Table legend: (Time is in decaauts)
 A = Elapsed time spent in this place.
 B = Non-inter-level travel time spent in this place.
 C = Inter-level travel time spent in this place.
 D = Time resting spent in this place.
 E = Time spent auto-exploring this place.
 F = Levels seen in this place.
 G = Mean time per level.
                   A        B        C        D        E       F      G
               +--------+--------+--------+--------+--------+-----+--------+
         Total |   2537 |   2298 |    239 |    621 |   1048 |   2 | 1268.5 |
       Dungeon |   2537 |   2298 |    239 |    621 |   1048 |   2 | 1268.5 |
               +--------+--------+--------+--------+--------+-----+--------+

Top non-repeatable levels by time:
     D:1: 1653 daAuts
     D:2: 884 daAuts
